 Dungeon Crawl Stone Soup version 0.22.0-32-gbc6daba (webtiles) character file.

3 Monsterracer the Grasshopper (level 1, -1/9 HPs)
             Began as a Felid Warper on Aug 24, 2018.
             Slain by a dart slug (2 damage)
             ... on level 1 of the Dungeon.
             The game lasted 00:00:06 (26 turns).

Monsterracer the Grasshopper (Felid Warper)           Turns: 26, Time: 00:00:08

Health: -1/9       AC:  1    Str:  7    XL:     1   Next: 41%
Magic:  4/4        EV: 18    Int: 14    God:
Gold:   0          SH:  0    Dex: 15    Spells: 4/4 levels left
                                        Lives:  0   Deaths: 0

rFire    . . .     SeeInvis +     - Unarmed
rCold    . . .     Gourm    .   (shield unavailable)
rNeg     . . .     Faith    .   (armour unavailable)
rPois    .         Spirit   .   (helmet unavailable)
rElec    .         Reflect  .   (cloak unavailable)
rCorr    .         Harm     .   (gloves unavailable)
MR       .....                  (boots unavailable)
Stlth    ++........             (no amulet)
HPRegen  0.03/turn              (no ring)
MPRegen  0.09/turn              (no ring)

@: quick
A: very small, no armour, no weapons or thrown items, stealth, claws 1, fangs 3,
see invisible, carnivore, speed 1, shaggy fur 1, slow metabolism 1, sharp paws
a: no special abilities


You were on level 1 of the Dungeon.
You were not hungry.

You visited 1 branch of the dungeon, and saw 1 of its levels.

Inventory:

Scrolls
 b - a scroll of blinking
Potions
 a - a potion of degeneration {unknown}
Comestibles
 c - a ration


   Skills:
 - Level 2.0 Fighting
 - Level 3.2 Dodging
 + Level 0.6 Stealth
 * Level 2.2 Unarmed Combat
 - Level 2.0 Spellcasting
   Level 4.4 Translocations


You had 4 spell levels left.
You didn't know any spells.
Your spell library contained the following spells:

 Spells                   Type           Power        Failure   Level  Hunger
 Blink                    Tloc           N/A          6%          2    ###....
 Gell's Gravitas          Tloc           ##........   12%         3    ####...
 Lesser Beckoning         Tloc           ##........   12%         3    ####...
 Teleport Other           Tloc           ##......     12%         3    ####...
 Shroud of Golubria       Chrm/Tloc      #.........   14%         2    ###....
 Passage of Golubria      Tloc           N/A          36%         4    #####..


Dungeon Overview and Level Annotations

Branches:
Dungeon (1/15)

Altars:


Innate Abilities, Weirdness & Mutations

You cannot wear armour.
You are incapable of wielding weapons or throwing items.
Your paws allow you to move quietly. (Stealth)
You have sharp claws.
You have razor-sharp teeth.
You have supernaturally acute eyesight. (SInv)
You are carnivorous and can eat meat at any time.
You cover ground quickly.
You are covered in fur. (AC +1)
You have a slow metabolism.
Your sharp claws are effective at attacking unaware monsters.


Message History

Welcome, Monsterracer the Felid Warper.
Will you prevail where others failed? Will you find the Orb of Zot?
Press ? for a list of commands and other information.
Found a metallic red potion.
Found a staircase leading out of the dungeon.
a - a metallic red potion A goblin comes into view.
The goblin shouts!
A goblin is nearby!
A goblin comes into view. It is wielding a club.
A frilled lizard comes into view.
The goblin shouts!
The goblin misses you.
You closely miss the goblin.
A dart slug comes into view.
The goblin barely misses you.
You scratch the goblin but do no damage.
You bite the goblin.
The goblin is heavily wounded.
The goblin closely misses you.
You scratch the goblin.
You kill the goblin!
You scratch the goblin but do no damage.
Your bite misses the goblin. The goblin hits you with a club.
You take 1 damage, and have 8/9 hp.
You closely miss the goblin. The goblin barely misses you.
You scratch the goblin.
The goblin is moderately wounded.
You barely miss the goblin.
The goblin is moderately wounded.
The goblin completely misses you.
You closely miss the goblin.
The goblin is moderately wounded.
The goblin hits you with a club.
You take 3 damage, and have 5/9 hp.
MASSIVE DAMAGE!!
You are too injured to fight recklessly!
You scratch the goblin.
The goblin is severely wounded.
The goblin closely misses you.
You are too injured to fight recklessly!
You barely miss the goblin.
The goblin is severely wounded.
The goblin misses you.
You are too injured to fight recklessly!
You barely miss the goblin.
The goblin is severely wounded.
The goblin hits you but does no damage.
You scratch the goblin.
You kill the goblin!
You scratch the frilled lizard.
You kill the frilled lizard!
The dart slug launches a dart at you. The slug dart hits you!
* * * LOW HITPOINT WARNING * * *
You take 4 damage, and have 1/9 hp.
MASSIVE DAMAGE!!
The dart slug bites you but does no damage.
Things that are here:
a club; a goblin corpse You scratch the dart slug.
You bite the dart slug, but do no damage.
The dart slug is moderately wounded.
You scratch the dart slug.
The dart slug is severely wounded.
The dart slug bites you.
You die...

#..# ... #..# ..#
#..# ..# ###..# ..##
#%...# ...
#.#..####.##
#.#..##....#
#.#..##.<..#
#@#........#
#....w.#............
#.#....#..##.........
...####..##....####.
##.# #..##....# #.
#..##....# #
#..###.### #.. .#


You could see a dart slug.

Vanquished Creatures
  2 goblins (D:1)
  A frilled lizard (D:1)
3 creatures vanquished.

Notes
Turn   | Place    | Note
-------+----------+-------------------------------------------
     0 | D:1      | Monsterracer the Felid Warper began the quest for the Orb.
     0 | D:1      | Reached XP level 1. HP: 9/9 MP: 4/4
    23 | D:1      | HP: 1/9 [dart slug/slug dart (4)]
    26 | D:1      | Slain by a dart slug

Action                   || total
-------------------------++-------
Melee: Unarmed           ||    15
       Bite              ||     2
Armor: Skin              ||     2
Dodge: Dodged            ||     7

Vault maps used:
D:1:      dpeg_arrival_boxes_within_box
